IL
ALBUQUERQUE ISOTOPES @ OKLAHOMA CITY DODGERS
09/02/2047
 
TOP OF THE 1ST
Albuquerque Isotopes batting - Pitching for Oklahoma City Dodgers : RHP J.J. Riley
Pitching: RHP J.J. Riley
Batting: RHB Joe LaDue 0-0: Ball
1-0: Called Strike
1-1: Ball
2-1: Ball
3-1: Base on Balls
Batting: SHB Jamel Wright 0-0: Foul Ball, location: 2F
0-1: Ball
Joe LaDue steals 2nd, throwing error, E2
Joe LaDue to third
1-1: Ball
2-1: Foul Ball, location: 2F
2-2: Ball
3-2: Foul Ball, location: 2F
3-2: Foul Ball, location: 2F
3-2: Strikes out swinging
Batting: LHB Gabe Harvey 0-0: Ball
1-0: DOUBLE (Line Drive, 8RXD, EV 101.2 MPH)
Joe LaDue scores
Batting: LHB Alfredo de la Cruz 0-0: Ball
1-0: Ball
2-0: Ball
3-0: Called Strike
3-1: Fly out, F8 (Flyball, 78M, EV 82.5 MPH)
Batting: RHB Eddie McCoy 0-0: Ball
1-0: Foul Ball, location: 2F
1-1: Foul Ball, location: 2F
1-2: Fly out, F7 (Line Drive, 7, EV 103.1 MPH)
Top of the 1st over - 1 run, 1 hit, 1 error, 1 left on base; Albuquerque 1 - Oklahoma City 0
BOTTOM OF THE 1ST
Oklahoma City Dodgers batting - Pitching for Albuquerque Isotopes : RHP Jose Avila
Pitching: RHP Jose Avila
Batting: RHB Sam Saunders 0-0: Ball
1-0: Called Strike
1-1: Called Strike
1-2: Foul Ball, location: 2F
1-2: Strikes out looking
Batting: LHB Frank Mullen 0-0: Ground out 5-3 (Groundball, 5L, EV 81.9 MPH)
Batting: RHB Doug Hammertime 0-0: Ball
1-0: Foul Ball, location: 2F
1-1: Called Strike
1-2: Strikes out swinging
Bottom of the 1st over - 0 runs, 0 hits, 0 errors, 0 left on base; Albuquerque 1 - Oklahoma City 0
TOP OF THE 2ND
Albuquerque Isotopes batting - Pitching for Oklahoma City Dodgers : RHP J.J. Riley
Batting: LHB Pablo Cardona 0-0: Called Strike
0-1: Fly out, F8 (Flyball, 8LD, EV 90.0 MPH)
Batting: RHB Mike Ball 0-0: Ball
1-0: Ball
2-0: Called Strike
2-1: Ball
3-1: Base on Balls
Batting: RHB Bobby Heagle 0-0: Ball
1-0: SINGLE (Line Drive, 89M, EV 101.9 MPH)
Mike Ball to second
Batting: SHB Mitchell Greene 0-0: Called Strike
0-1: Grounds into double play, 6-4-3 (Groundball, 6M, EV 90.6 MPH)
Top of the 2nd over - 0 runs, 1 hit, 0 errors, 1 left on base; Albuquerque 1 - Oklahoma City 0
BOTTOM OF THE 2ND
Oklahoma City Dodgers batting - Pitching for Albuquerque Isotopes : RHP Jose Avila
Batting: SHB Ken Welch 0-0: Swinging Strike
0-1: Ball
1-1: Ball
2-1: Called Strike
2-2: SINGLE (Flyball, 6D, EV 86.9 MPH)
Batting: LHB Chris Fandino 0-0: Ball
1-0: Called Strike
1-1: Swinging Strike
1-2: Strikes out swinging
Batting: RHB John Piccolo 0-0: Ball
1-0: Called Strike
1-1: Grounds into double play, 4-6-3 (Groundball, 4, EV 80.6 MPH)
Bottom of the 2nd over - 0 runs, 1 hit, 0 errors, 0 left on base; Albuquerque 1 - Oklahoma City 0
TOP OF THE 3RD
Albuquerque Isotopes batting - Pitching for Oklahoma City Dodgers : RHP J.J. Riley
Batting: RHB Joe LaDue 0-0: Ball
1-0: Ball
2-0: Ball
3-0: Base on Balls
Batting: SHB Jamel Wright 0-0: Ball
1-0: Swinging Strike
1-1: Ball
2-1: Ball
3-1: Swinging Strike
3-2: Foul Ball, location: 2F
3-2: Fly out, F7 (Flyball, 7S, EV 96.2 MPH)
Batting: LHB Gabe Harvey 0-0: Ball
1-0: Called Strike
1-1: Ball
2-1: Ball
3-1: Called Strike
3-2: Base on Balls
Joe LaDue to second
Batting: LHB Alfredo de la Cruz 0-0: Called Strike
Joe LaDue steals 3rd base
Gabe Harvey to second
0-1: Ball
1-1: Fly out, F6 (Popup, 6, EV 58.8 MPH)
Batting: RHB Eddie McCoy 0-0: Ball
1-0: Called Strike
1-1: Foul Ball, location: 2F
1-2: Strikes out swinging
Top of the 3rd over - 0 runs, 0 hits, 0 errors, 2 left on base; Albuquerque 1 - Oklahoma City 0
BOTTOM OF THE 3RD
Oklahoma City Dodgers batting - Pitching for Albuquerque Isotopes : RHP Jose Avila
Batting: RHB Martin Chavez 0-0: Ground out 4-3 (Groundball, 4, EV 90.6 MPH)
Batting: LHB Antonio Fierros 0-0: Ball
1-0: Swinging Strike
1-1: Fly out, F8 (Line Drive, 8RM, EV 86.2 MPH)
Batting: LHB Darrell Ortega 0-0: Foul Ball, location: 2F
0-1: Ball
1-1: Ball
2-1: Swinging Strike
2-2: Ball
3-2: Foul Ball, location: 2F
3-2: Strikes out looking
Bottom of the 3rd over - 0 runs, 0 hits, 0 errors, 0 left on base; Albuquerque 1 - Oklahoma City 0
TOP OF THE 4TH
Albuquerque Isotopes batting - Pitching for Oklahoma City Dodgers : RHP J.J. Riley
Batting: LHB Pablo Cardona 0-0: Swinging Strike
0-1: Ball
1-1: Fly out, F9 (Line Drive, 9, EV 86.9 MPH)
Batting: RHB Mike Ball 0-0: Swinging Strike
0-1: Ball
1-1: Fly out, F9 (Flyball, 9, EV 90.0 MPH)
Batting: RHB Bobby Heagle 0-0: Fly out, F9 (Flyball, 9LM, EV 96.9 MPH)
Top of the 4th over - 0 runs, 0 hits, 0 errors, 0 left on base; Albuquerque 1 - Oklahoma City 0
BOTTOM OF THE 4TH
Oklahoma City Dodgers batting - Pitching for Albuquerque Isotopes : RHP Jose Avila
Batting: RHB Sam Saunders 0-0: Ground out 6-3 (Groundball, 56, EV 105.6 MPH)
Batting: LHB Frank Mullen 0-0: Called Strike
0-1: Ball
1-1: Ball
2-1: Swinging Strike
2-2: Strikes out swinging
Batting: RHB Doug Hammertime 0-0: Ball
1-0: Called Strike
1-1: Ball
2-1: Foul Ball, location: 2F
2-2: Ball
3-2: Base on Balls
Batting: SHB Ken Welch 0-0: Called Strike
0-1: Ground out U3 (Groundball, 3, EV 86.9 MPH)
Bottom of the 4th over - 0 runs, 0 hits, 0 errors, 1 left on base; Albuquerque 1 - Oklahoma City 0
TOP OF THE 5TH
Albuquerque Isotopes batting - Pitching for Oklahoma City Dodgers : RHP J.J. Riley
Batting: SHB Mitchell Greene 0-0: Swinging Strike
0-1: Ball
1-1: Called Strike
1-2: Foul Ball, location: 2F
1-2: Ball
2-2: Foul Ball, location: 2F
2-2: Ground out 1-3 (Groundball, 34S, EV 70.0 MPH)
Batting: RHB Joe LaDue 0-0: Ball
1-0: Foul Ball, location: 2F
1-1: Foul Ball, location: 2F
1-2: Ball
2-2: Foul Ball, location: 2F
2-2: Ball
3-2: Foul Ball, location: 2F
3-2: Strikes out swinging
Batting: SHB Jamel Wright 0-0: Swinging Strike
0-1: Ball
1-1: Swinging Strike
1-2: Ball
2-2: Ball
3-2: Base on Balls
Batting: LHB Gabe Harvey 0-0: Ball
1-0: Ball
2-0: Ball
3-0: Foul Ball, location: 2F
3-1: Fly out, F7 (Flyball, 78D, EV 90.6 MPH)
Top of the 5th over - 0 runs, 0 hits, 0 errors, 1 left on base; Albuquerque 1 - Oklahoma City 0
BOTTOM OF THE 5TH
Oklahoma City Dodgers batting - Pitching for Albuquerque Isotopes : RHP Jose Avila
Batting: LHB Chris Fandino 0-0: Ball
1-0: Called Strike
1-1: Ball
2-1: Ball
3-1: Base on Balls
Batting: RHB John Piccolo 0-0: Ball
1-0: Called Strike
1-1: Ball
2-1: Foul Ball, location: 2F
2-2: Fly out, F4 (Popup, 4S, EV 86.2 MPH)
Batting: RHB Martin Chavez 0-0: Called Strike
0-1: Foul Ball, location: 2F
0-2: Ball
1-2: Foul Ball, location: 2F
1-2: Foul Ball, location: 2F
1-2: Ball
2-2: Foul Ball, location: 2F
2-2: Strikes out swinging
Batting: LHB Antonio Fierros 0-0: Called Strike
0-1: Foul Ball, location: 2F
0-2: Foul Ball, location: 2F
0-2: Ball
1-2: Ball
2-2: Strikes out swinging
Bottom of the 5th over - 0 runs, 0 hits, 0 errors, 1 left on base; Albuquerque 1 - Oklahoma City 0
TOP OF THE 6TH
Albuquerque Isotopes batting - Pitching for Oklahoma City Dodgers : RHP J.J. Riley
Batting: LHB Alfredo de la Cruz 0-0: Ball
1-0: Called Strike
1-1: Foul Ball, location: 2F
1-2: Ball
2-2: Fly out, F8 (Flyball, 8LXD, EV 100.6 MPH)
Batting: RHB Eddie McCoy 0-0: Called Strike
0-1: Called Strike
0-2: Foul Ball, location: 2F
0-2: Strikes out swinging
Batting: LHB Pablo Cardona 0-0: Ball
1-0: Ball
2-0: Swinging Strike
2-1: Called Strike
2-2: Foul Ball, location: 2F
2-2: Strikes out swinging
Top of the 6th over - 0 runs, 0 hits, 0 errors, 0 left on base; Albuquerque 1 - Oklahoma City 0
BOTTOM OF THE 6TH
Oklahoma City Dodgers batting - Pitching for Albuquerque Isotopes : RHP Jose Avila
Batting: LHB Darrell Ortega 0-0: Called Strike
0-1: Fly out, F5 (Popup, 5L, EV 70.0 MPH)
Batting: RHB Sam Saunders 0-0: Called Strike
0-1: Ball
1-1: Called Strike
1-2: Ball
2-2: Ball
3-2: Fly out, F7 (Flyball, 7S, EV 85.6 MPH)
Batting: LHB Frank Mullen 0-0: SINGLE (Groundball, 4MD, EV 107.5 MPH) (infield hit)
Pinch Runner at 1st Jeremy Giesler:
Batting: RHB Doug Hammertime 0-0: Ball
1-0: Ball
2-0: Ball
3-0: Called Strike
3-1: Base on Balls
Jeremy Giesler to second
Batting: SHB Ken Welch 0-0: Ground out 4-3 (Groundball, 34, EV 84.4 MPH)
Bottom of the 6th over - 0 runs, 1 hit, 0 errors, 2 left on base; Albuquerque 1 - Oklahoma City 0
TOP OF THE 7TH
Albuquerque Isotopes batting - Pitching for Oklahoma City Dodgers : RHP J.J. Riley
Pitching: RHP Danny Roe
Now at SS: Curt Earnest
Batting: RHB Mike Ball 0-0: Ball
1-0: Ball
2-0: Called Strike
2-1: SINGLE (Groundball, 6S, EV 66.9 MPH) (infield hit)
Batting: RHB Bobby Heagle 0-0: Called Strike
Mike Ball is caught stealing 2nd base 2-4
0-1: SOLO HOME RUN (Flyball, 7D, EV 96.2 MPH), Distance : 359 ft
Batting: SHB Mitchell Greene 0-0: Called Strike
0-1: Swinging Strike
0-2: Strikes out swinging
Batting: RHB Joe LaDue 0-0: Called Strike
0-1: Called Strike
0-2: Ball
1-2: Ball
2-2: Ball
3-2: Strikes out looking
Top of the 7th over - 1 run, 2 hits, 0 errors, 0 left on base; Albuquerque 2 - Oklahoma City 0
BOTTOM OF THE 7TH
Oklahoma City Dodgers batting - Pitching for Albuquerque Isotopes : RHP Jose Avila
Batting: LHB Chris Fandino 0-0: SINGLE (Groundball, 6MD, EV 106.9 MPH)
Pitching: RHP Tyler Smith
Batting: RHB John Piccolo 0-0: SINGLE (Flyball, 8LM, EV 91.2 MPH)
Chris Fandino to second
Batting: RHB Martin Chavez 0-0: Bunt missed!
0-1: Bunted foul
0-2: Foul Ball, location: 2F
0-2: Ball
1-2: Foul Ball, location: 2F
1-2: Ball
2-2: Ball
3-2: Strikes out swinging
Batting: LHB Antonio Fierros 0-0: Foul Ball, location: 2F
0-1: Grounds into double play, 4-6-3 (Groundball, 34, EV 86.9 MPH)
Bottom of the 7th over - 0 runs, 2 hits, 0 errors, 1 left on base; Albuquerque 2 - Oklahoma City 0
TOP OF THE 8TH
Albuquerque Isotopes batting - Pitching for Oklahoma City Dodgers : RHP Danny Roe
Batting: SHB Jamel Wright 0-0: Called Strike
0-1: Foul Ball, location: 2F
0-2: Foul Ball, location: 2F
0-2: Strikes out swinging
Batting: LHB Gabe Harvey 0-0: Fly out, F7 (Flyball, 78S, EV 91.9 MPH)
Batting: LHB Alfredo de la Cruz 0-0: Ball
1-0: SINGLE (Groundball, 6D, EV 108.1 MPH)
Batting: RHB Eddie McCoy 0-0: Ball
Alfredo de la Cruz is caught stealing 2nd base 2-4
Top of the 8th over - 0 runs, 1 hit, 0 errors, 0 left on base; Albuquerque 2 - Oklahoma City 0
BOTTOM OF THE 8TH
Oklahoma City Dodgers batting - Pitching for Albuquerque Isotopes : RHP Tyler Smith
Batting: LHB Darrell Ortega 0-0: Ball
1-0: Called Strike
1-1: Swinging Strike
1-2: Ground out 6-3 (Groundball, 4M, EV 96.9 MPH)
Batting: RHB Sam Saunders 0-0: Ball
1-0: Foul Ball, location: 2F
1-1: Ball
2-1: Swinging Strike
2-2: Strikes out swinging
Batting: RHB Curt Earnest 0-0: Called Strike
0-1: Ball
1-1: Called Strike
1-2: Strikes out swinging
Bottom of the 8th over - 0 runs, 0 hits, 0 errors, 0 left on base; Albuquerque 2 - Oklahoma City 0
TOP OF THE 9TH
Albuquerque Isotopes batting - Pitching for Oklahoma City Dodgers : RHP Danny Roe
Batting: RHB Eddie McCoy 0-0: Ball
1-0: Called Strike
1-1: Ball
2-1: Ball
3-1: Base on Balls
Batting: LHB Pablo Cardona 0-0: Bunted foul
0-1: Sac Bunt to 13 - play at first, batter OUT! 1-3
Eddie McCoy to second
Batting: RHB Mike Ball 0-0: Foul Ball, location: 2F
0-1: Ground out 6-3 (Groundball, 6, EV 81.2 MPH)
Batting: RHB Bobby Heagle 0-0: Ball
Wild Pitch!
Eddie McCoy to third
1-0: Called Strike
1-1: Ball
2-1: Fly out, F9 (Flyball, 89M, EV 96.9 MPH)
Top of the 9th over - 0 runs, 0 hits, 0 errors, 1 left on base; Albuquerque 2 - Oklahoma City 0
BOTTOM OF THE 9TH
Oklahoma City Dodgers batting - Pitching for Albuquerque Isotopes : RHP Tyler Smith
Pitching: RHP Humberto Gutierrez
Batting: RHB Doug Hammertime 0-0: Ball
1-0: Swinging Strike
1-1: DOUBLE (Line Drive, 89D, EV 107.5 MPH)
Batting: SHB Ken Welch 0-0: Ball
1-0: Swinging Strike
1-1: Ground out 6-3 (Groundball, 6M, EV 79.4 MPH)
Doug Hammertime to third
Batting: LHB Chris Fandino 0-0: Ball
1-0: Ball
2-0: Swinging Strike
2-1: SINGLE (Groundball, 4, EV 96.2 MPH)
Doug Hammertime scores
Batting: RHB John Piccolo 0-0: Fly out, F9 (Flyball, 9LS, EV 78.1 MPH)
Batting: RHB Martin Chavez 0-0: Called Strike
0-1: Called Strike
0-2: Ball
1-2: Foul Ball, location: 2F
1-2: Strikes out swinging
Bottom of the 9th over - 1 run, 2 hits, 0 errors, 1 left on base; Albuquerque 2 - Oklahoma City 1
Thursday, December 15th , 2022 - OOTP Baseball 23.9 Build 102